 Dungeon Crawl Stone Soup version 0.30.1-11-g7821555f0a (webtiles) character file.

Game seed: 1748630166783121839

56 SacredBeard the Trooper (level 3, -1/33 HPs)
             Began as a Hill Orc Fighter on Nov 8, 2023.
             Slain by an orc wizard
             ... wielding a +0 dagger
              (3 damage)
             ... on level 3 of the Dungeon.
             The game lasted 00:03:29 (1340 turns).

SacredBeard the Trooper (Hill Orc Fighter)          Turns: 1340, Time: 00:03:30

Health: -1/33      AC:  9    Str: 20    XL:     3   Next: 97%
Magic:  3/3        EV:  9    Int:  8    God:
Gold:   59         SH:  4    Dex: 10    Spells: 2/2 levels left

rFire   . . .        g - +0 hand axe
rCold   + . .        c - +0 buckler
rNeg    . . .        e - +2 scale mail {rC+}
rPois   .            (no helmet)
rElec   .            (no cloak)
rCorr   .            (no gloves)
SInv    .            (no boots)
Will    .....        (no amulet) Stlth
                     (no ring)
HPRegen 0.25/turn    (no ring)
MPRegen 0.08/turn

%: no passive effects
@: no status effects
A: no striking features
a: no special abilities


You were on level 3 of the Dungeon.
You visited 1 branch of the dungeon, and saw 3 of its levels.

You collected 59 gold pieces.

Inventory:

Hand Weapons
 a - a +0 war axe
 g - a +0 hand axe (weapon)
Missiles
 k - 18 stones (quivered)
Armour
 c - a +0 buckler (worn)
 e - a +2 scale mail of cold resistance (worn)
Jewellery
 p - a ring of poison resistance
Wands
 i - a wand of mindburst (21)
Scrolls
 b - a scroll of identify {unknown}
 f - a scroll of teleportation {unknown}
 h - 2 scrolls of blinking {unknown}
 o - a scroll of torment {unknown}
 q - a scroll of silence {unknown}
Potions
 d - a potion of might
 j - a potion of heal wounds {unknown}
 l - a potion of lignification {unknown}
 m - a potion of haste {unknown}
 n - a potion of berserk rage {unknown}


   Skills:
 + Level 4.1 Fighting
 * Level 3.9 Axes
 + Level 0.4 Throwing
 + Level 3.7 Armour
 + Level 3.7 Shields
 + Level 0.2 Evocations


You had 2 spell levels left.
You didn't know any spells.
Your spell library contained the following spells:

 Spells                   Type           Power      Damage    Failure   Level
 Freeze                   Ice            0%         1d3       83%         1
 Blink                    Tloc           0%         N/A       92%         2
 Cigotuvi's Dreadful Rot  Necr/Pois/Air  0%         N/A       92%         2
 Lesser Beckoning         Tloc           0%         N/A       92%         2
 Momentum Strike          Conj/Tloc      0%         3d8       92%         2
 Frozen Ramparts          Ice            0%         1d1       99%         3
 Hailstorm                Conj/Ice       0%         3d3       99%         3
 Dispel Undead            Necr           0%         3d6       100%        4
 Death Channel            Necr           0%         N/A       100%        6


Dungeon Overview and Level Annotations

Branches:
Dungeon (3/15) Zot: 16640

Altars:


Message History

You hit the orc.
The orc is almost dead.
You hit something. You barely miss the orc.
You hear some strange, mumbled words.
A magic dart appears from out of thin air!
The magic dart hits you. The orc hits you but does no damage.
The orc misses you. The orc hits you with a +0 flail.
You block something's attack. The orc hits you with a +0 short sword.
You hit the orc.
The orc is heavily wounded.
You closely miss the orc. You miss something.
Something hits you but does no damage. The orc barely misses you. x2
A frilled lizard comes into view.
You miss something. You barely miss the orc.
The frilled lizard hisses angrily.
You hit the orc but do no damage. You block the orc's attack.
The orc hits you with a +0 flail.
You hear some strange, mumbled words.
A puff of flame appears from out of thin air!
The puff of flame hits you.
You slash something! You hit the orc. You closely miss the orc.
The orc hits you but does no damage.
You hear some strange, mumbled words.
Something tries to affect you, but you resist.
The orc closely misses you.
You closely miss something. You hit the orc.
You kill the orc!
You hit the orc.
You kill the orc!
You hear some strange, mumbled words.
A puff of flame appears from out of thin air!
The puff of flame hits you!
* * * LOW HITPOINT WARNING * * *
You barely miss something.
You hear some strange, mumbled words.
A magic dart appears from out of thin air!
The magic dart hits you.
* * * LOW HITPOINT WARNING * * *
You barely miss something. Something hits you.
You die...

##.#.##.# #.#
##...#.#.#
...####..#.##..#
.......#...###.#
####.#### .##
#..## .#
##.#.#.#
.#.###..)#.####
....l.{@........
#..###)).#######
....## .......
########


You could see a frilled lizard.

Vanquished Creatures
  An adder (D:2)
  2 dart slugs
  3 orcs (D:3)
  2 ball pythons
  An endoplasm (D:1)
  8 hobgoblins
  A quokka (D:2)
  4 bats
  A frilled lizard (D:1)
  5 goblins
  6 kobolds
  3 rats
37 creatures vanquished.

Notes
Turn   | Place    | Note
-------+----------+-------------------------------------------
     0 | D:1      | SacredBeard the Hill Orc Fighter began the quest for the
                  | Orb.
     0 | D:1      | Reached XP level 1. HP: 19/19 MP: 1/1
   242 | D:1      | Reached XP level 2. HP: 26/27 MP: 2/2
   312 | D:1      | Found a faded altar of an unknown god.
   715 | D:2      | Reached XP level 3. HP: 33/33 MP: 3/3
   948 | D:2      | Reached skill level 4 in Fighting
  1340 | D:3      | Slain by an orc wizard

Illustrated notes

Levels and vault maps discovered:
D:1:      erik_arrival_blinker_ship, layout_basic, basic_ecumenical_altar
D:2:      layout_loops_ring
D:3:      layout_loops_ring, cheibrodos_sewer_entry_bend, uniq_jessica

Skill      XL: |  1  2  3 |
---------------+----------+-----
Axes           | 3 |  3.9
Fighting       | 4 |  4.1
Throwing       | |  0.4
Armour         | |  3.7
Shields        | |  3.7
Evocations     | |  0.2

Action                     || total
---------------------------++-------
  Melee: War axe           ||    19
         Hand axe          ||    67
  Throw: Stone             ||     3
 Armour: Scale mail        ||    39
  Dodge: Dodged            ||    42
  Block: Buckler           ||    16
